 Dungeon Crawl Stone Soup version 0.22-a0-305-gd21a89c (webtiles) character file.

172 Firecrotchwizard the Slinger (level 5, -7/36 HPs)
             Began as a Halfling Hunter on Mar 28, 2018.
             Mangled by a gnoll
             ... wielding a +0 whip
              (9 damage)
             ... on level 2 of the Dungeon.
             The game lasted 00:06:04 (2216 turns).

Firecrotchwizard the Slinger (Halfling Hunter)      Turns: 2216, Time: 00:06:05

Health: -7/36      AC:  3    Str: 13    XL:     5   Next: 82%
Magic:  5/5        EV: 14    Int:  9    God:
Gold:   100        SH:  0    Dex: 16    Spells: 4/4 levels left

rFire    x . .     SeeInvis .   b - +0 short sword
rCold    + . .     Gourm    .   (shield restricted)
rNeg     . . .     Faith    .   c - +0 leather armour
rPois    .         Spirit   .   (no helmet)
rElec    .         Reflect  .   (no cloak)
rCorr    .         Harm     .   (no gloves)
MR       .....                  (no boots)
Stlth    ++........             (no amulet)
HPRegen  0.12/turn              g - ring of ice {rC+, rF-}
MPRegen  0.09/turn              (no ring)

@: no status effects
A: small, mutation resistance 1
a: no special abilities


You were on level 2 of the Dungeon.
You were not hungry.

You visited 1 branch of the dungeon, and saw 2 of its levels.

You collected 100 gold pieces.

Inventory:

Hand Weapons
 a - a +1 hunting sling
 b - a +0 short sword (weapon)
Missiles
 d - 18 sling bullets
 o - 40 stones (quivered)
Armour
 c - a +0 leather armour (worn)
Jewellery
 g - a ring of ice (left hand) {rC+, rF-}
   (You found it on level 2 of the Dungeon)
Scrolls
 j - 2 scrolls of magic mapping {unknown}
 m - a scroll of fog {unknown}
 n - a scroll of identify {unknown}
 p - a scroll of enchant armour {unknown}
 q - a scroll of teleportation {unknown}
 r - a scroll of remove curse {unknown}
 t - a scroll of noise {unknown}
 u - a scroll of fear {unknown}
Potions
 e - 2 potions of might {unknown}
 h - a potion of resistance {unknown}
 i - 2 potions of cancellation {unknown}
 k - 3 potions of lignification {unknown}
 l - a potion of brilliance {unknown}
 s - a potion of ambrosia {unknown}
Comestibles
 f - 3 rations {@e1}


   Skills:
 + Level 3.1 Fighting
 * Level 8.5 Slings
 - Level 2.1 Dodging
 - Level 1.1 Stealth


You had 4 spell levels left.
You didn't know any spells.

Dungeon Overview and Level Annotations

Branches:
Dungeon (2/15)

Altars:

Annotations:
D:2 exclusion: gnoll, Terence


Innate Abilities, Weirdness & Mutations

You are small and have problems with some larger weapons.
You are somewhat resistant to further mutation.


Message History

Aim: a gnoll You shoot a stone.
The stone hits the gnoll.
The gnoll hits you but does no damage.
Firing (i - inventory. (/) - cycle)
o - 57 stones (quivered)
Aim: a gnoll (moderately wounded)
You shoot a stone. The stone barely misses the gnoll.
Firing (i - inventory. (/) - cycle)
o - 56 stones (quivered)
Aim: a gnoll (moderately wounded)
You shoot a stone. The stone hits the gnoll.
The gnoll completely misses you.
Firing (i - inventory. (/) - cycle)
o - 55 stones (quivered)
Aim: a gnoll (moderately wounded)
You shoot a stone. The stone barely misses the gnoll.
The gnoll hits you.
You take 1 damage, and have 35/36 hp.
Firing (i - inventory. (/) - cycle)
o - 54 stones (quivered)
Aim: a gnoll (moderately wounded)
You shoot a stone. The stone hits the gnoll.
The gnoll completely misses you.
Health restored: 36 Firing (i - inventory. (/) - cycle)
o - 53 stones (quivered)
Aim: a gnoll (heavily wounded)
You shoot a stone. The stone barely misses the gnoll.
The gnoll hits you.
You take 6 damage, and have 30/36 hp.
Firing (i - inventory. (/) - cycle)
o - 52 stones (quivered)
Aim: a gnoll (heavily wounded)
You shoot a stone. The stone barely misses the gnoll.
The gnoll shouts!
Firing (i - inventory. (/) - cycle)
o - 51 stones (quivered)
Aim: a gnoll (heavily wounded)
You shoot a stone.
The stone hits the gnoll but does no damage.
The gnoll closely misses you.
Firing (i - inventory. (/) - cycle)
o - 50 stones (quivered)
Aim: a gnoll (heavily wounded)
You shoot a stone. The stone barely misses the gnoll. x2
The gnoll barely misses you.
Firing (i - inventory. (/) - cycle)
o - 49 stones (quivered)
Aim: a gnoll (heavily wounded)
You shoot a stone. The stone closely misses the gnoll. x2
The gnoll completely misses you.
Firing (i - inventory. (/) - cycle)
o - 48 stones (quivered)
Aim: a gnoll (heavily wounded)
You shoot a stone. The stone hits the gnoll.
Firing (i - inventory. (/) - cycle)
o - 47 stones (quivered)
Aim: a gnoll (heavily wounded)
You shoot a stone.
The stone hits the gnoll but does no damage.
The gnoll misses you. The gnoll completely misses you.
A quokka comes into view.
Firing (i - inventory. (/) - cycle)
o - 46 stones (quivered)
Aim: a gnoll (heavily wounded)
You shoot a stone. The stone hits the gnoll.
The gnoll throws a throwing net.
The throwing net misses you.
Firing (i - inventory. (/) - cycle)
o - 45 stones (quivered)
Aim: a gnoll (severely wounded)
You shoot a stone. The stone hits the gnoll.
The gnoll hits you with a whip. The gnoll misses you.
You take 2 damage, and have 28/36 hp.
The gnoll hits you.
You take 4 damage, and have 25/36 hp.
You see here a throwing net {=f, !d}.
Firing (i - inventory. (/) - cycle)
o - 44 stones (quivered)
Aim: a gnoll (almost dead)
You shoot a stone. The stone hits the gnoll.
The gnoll hits you but does no damage.
Firing (i - inventory. (/) - cycle)
o - 43 stones (quivered)
Aim: a gnoll, wielding a whip (lightly wounded)
You shoot a stone. The stone hits the gnoll.
Firing (i - inventory. (/) - cycle)
o - 42 stones (quivered)
Aim: a gnoll, wielding a whip (moderately wounded)
You shoot a stone. The stone hits the gnoll.
The gnoll misses you.
Firing (i - inventory. (/) - cycle)
o - 41 stones (quivered)
Aim: a gnoll, wielding a whip (severely wounded)
You shoot a stone. The stone barely misses the gnoll.
The stone hits the gnoll!
You kill the gnoll!
The gnoll hits you with a whip!
You take 8 damage, and have 17/36 hp.
MASSIVE DAMAGE!!
b - a +0 short sword (weapon)
You barely miss the gnoll. The gnoll barely misses you. x3
You hit the gnoll but do no damage. The gnoll closely misses you.
The gnoll completely misses you.
You closely miss the gnoll. The gnoll hits you with a whip.
The gnoll misses you. The gnoll hits you with a whip!
* * * LOW HITPOINT WARNING * * *
You take 14 damage, and have 3/36 hp.
MASSIVE DAMAGE!!
You hit the gnoll but do no damage. The gnoll hits you but does no damage.
The gnoll misses you.
You hit the gnoll. The gnoll hits you with a whip.
* * * LOW HITPOINT WARNING * * *
The gnoll hits you but does no damage.
You take 2 damage, and have 1/36 hp.
You hit the gnoll.
You kill the gnoll!
The gnoll closely misses you.
The quokka bites you but does no damage.
You barely miss the quokka. The quokka barely misses you.
The gnoll hits you but does no damage.
You hit the quokka. The quokka closely misses you.
The gnoll hits you with a whip!
You die...

..#[#....##.........######
[....
###.##############.......#
..g. # #####.......# ...#
#...........# ..g#
#.##........# ...#
#.##........# ...#
..###........(..##...#.#
......g###(...(((...(...
.......@r(.##########...
.....#.###.#.##### .....#.
#.#.....# . +. #.#.###.#
## #.#..<#.# #.#####.#
#.......# #########


You could see a gnoll and a quokka.

Vanquished Creatures
  Natasha (thrice) (D:2)
  3 gnolls (D:2)
  2 adders (D:2)
  An ooze (D:1)
  A dart slug (D:1)
  2 leopard geckos (D:1)
  5 giant cockroaches
  3 goblins (D:1)
  6 hobgoblins
  4 jackals (D:1)
  A quokka (D:2)
  3 bats (D:1)
  A frilled lizard (D:2)
  7 kobolds
  4 rats
46 creatures vanquished.

Notes
Turn   | Place    | Note
-------+----------+-------------------------------------------
     0 | D:1      | Firecrotchwizard the Halfling Hunter began the quest for the Orb.
     0 | D:1      | Reached XP level 1. HP: 14/14 MP: 1/1
    44 | D:1      | Reached skill level 6 in Slings
   217 | D:1      | Reached skill level 2 in Fighting
   217 | D:1      | Reached XP level 2. HP: 15/19 MP: 2/2
   514 | D:1      | Reached XP level 3. HP: 15/24 MP: 3/3
   645 | D:1      | HP: 6/25 [hobgoblin/club (2)]
   915 | D:1      | Reached skill level 7 in Slings
  1277 | D:2      | Reached XP level 4. HP: 27/30 MP: 4/4
  1379 | D:2      | Noticed Natasha
  1391 | D:2      | HP: 4/30 [Natasha (5)]
  1392 | D:2      | Killed Natasha
  1759 | D:2      | Noticed Natasha
  1768 | D:2      | Killed Natasha
  1768 | D:2      | Reached XP level 5. HP: 36/36 MP: 5/5
  1817 | D:2      | Noticed Natasha
  1822 | D:2      | Killed Natasha
  1822 | D:2      | Reached skill level 3 in Fighting
  1822 | D:2      | Reached skill level 8 in Slings
  1903 | D:2      | Noticed Terence
  2211 | D:2      | HP: 3/36 [gnoll/whip (9)]
  2213 | D:2      | HP: 1/36 [gnoll/whip (2)]
  2216 | D:2      | Mangled by a gnoll

Vault maps used:
D:1:      dpeg_arrival_shelter
D:2:      uniq_natasha, uniq_terence

Skill      XL: |  1  2  3  4  5 |
---------------+----------------+-----
Slings         | 6 7 8 |  8.5
Fighting       | 2 3 |  3.1
Dodging        | |  2.1
Stealth        | |  1.1

Action                   |  1- 3 |  4- 6 || total
-------------------------+-------+-------++-------
Melee: Short sword       |   126 |    39 ||   165
 Fire: Hunting sling     |     3 |    45 ||    48
Throw: Stone             |     1 |    24 ||    25
 Stab: Sleeping          |     3 |       ||     3
  Eat: Chunk             |     1 |     3 ||     4
Armor: Leather armour    |    39 |    10 ||    49
Dodge: Dodged            |    87 |    52 ||   139

Table legend:
 A = Spawn XP
 B = Non-spawn XP
 C = Spawn XP percentage of total XP
 D = Spawn monster count
 E = Non-spawn monster count
 F = Spawn count percentage of total count
 G = Total turns spent on level
                    A         B        C        D         E        F      G
               +---------+---------+-------+---------+---------+-------+---------
         Total |       0 |     246 |   0.0 |       0 |      46 |   0.0 |  2216
               +---------+---------+-------+---------+---------+-------+---------
           D:1 |       0 |      58 |   0.0 |       0 |      29 |   0.0 |  1257
           D:2 |       0 |     188 |   0.0 |       0 |      17 |   0.0 |   959
               +---------+---------+-------+---------+---------+-------+---------

Vault maps used:
D:1:      dpeg_arrival_shelter
D:2:      uniq_natasha, uniq_terence

Table legend:
 A = Turns spent in this place as a percentage of turns spent in the entire game.
 B = Non-inter-level travel turns spent in this place as a percentage of non-inter-level travel turns spent in the entire game.
 C = Inter-level travel turns spent in this place as a percentage of turns spent in this place.
 D = Turns resting spent in this place as a percentage of non-inter-level travel turns spent in this place.
 E = Turns spent auto-exploring this place as a percentage of non-inter-level travel turns spent in this place.
 F = Non-inter-level travel turns spent in this place divided by the number of levels of this place that you've seen.
                   A       B       C       D       E      F
               +-------+-------+-------+-------+-------+----------------------
         Total | 100.0 | 100.0 |   2.1 |  41.7 |  37.1 | 1084.5
       Dungeon | 100.0 | 100.0 |   2.1 |  41.7 |  37.1 | 1084.5
               +-------+-------+-------+-------+-------+----------------------

Table legend:
 A = Kills in this place as a percentage of kills in entire the game.
 B = Kills by you in this place as a percentage of kills by you in the entire game.
 C = Kills by friends in this place as a percentage of kills by friends in the entire game.
 D = Other kills in this place as a percentage of other kills in the entire game.
 E = Experience gained in this place as a percentage of experience gained in the entire game.
 F = Experience gained in this place divided by the number of levels of this place that you have seen.
                   A       B       C       D       E      F
               +-------+-------+-------+-------+-------+----------------------
         Total | 100.0 | 100.0 |   N/A |   N/A | 100.0 | 123.0
       Dungeon | 100.0 | 100.0 |   N/A |   N/A | 100.0 | 123.0
               +-------+-------+-------+-------+-------+----------------------
